Map: Rhoskallian LE

Players

liquidthermy (uThermal) - Winner!

  • Race: Terran Terran
  • Spawn Location: 6:00

goblin - Winner!

  • Race: Protoss Protoss
  • League: Master
  • Spawn Location: 5:00

LiquidMaNa (MaNa)

  • Race: Protoss Protoss
  • League: Grandmaster
  • Spawn Location: 11:00

LiquidClem (Clem)

  • Race: Terran Terran
  • League: Grandmaster
  • Spawn Location: 12:00

Event: Shopify TSL 5

VOD

Have the link to the VOD?

Description

Time

  • Played on: May 31, 2020, 11:53 a.m.
  • Length: 11:24
Show
View Real Time Build Order
Export as new Build Order

liquidthermy Terran - Winner!

Build Orders:  

Get SALT Encoding   

  12  0:01  SCV  
  13  0:13  SCV  
  14  0:17  Supply Depot  
  14  0:25  SCV  
  14  0:28  Refinery  
  15  0:39  SCV  
  16  0:45  Barracks  
  16  0:51  SCV  
  16  0:56  Refinery  
  17  1:03  SCV  
  18  1:15  SCV  
  19  1:32  Reaper, Orbital Command  
  20  1:39  Factory  
  20  1:49  Supply Depot  
  20  1:58  SCV  
  22  2:10  SCV, Barracks Reactor  
  22  2:22  SCV  
  23  2:23  Factory Tech Lab  
  23  2:34  SCV  
  24  2:38  Command Center  
  24  2:43  Siege Tank  
  27  2:48  Marine x2  
  28  2:56  Supply Depot  
  28  2:58  SCV  
  29  3:06  Marine x2  
  29  3:11  Bunker  
  31  3:18  Siege Tank  
  33  3:24  Marine x2  
  35  3:32  Starport  
  35  3:34  SCV  
  36  3:44  Marine x2  
  36  3:46  SCV  
  39  3:51  Siege Tank  
  42  3:58  Orbital Command  
  42  4:02  Marine  
  43  4:08  SCV  
  43  4:09  Marine  
  45  4:17  Viking  
  45  4:20  Marine  
  43  4:27  Marine  
  41  4:36  SCV  
  41  4:38  Marine  
  43  4:44  Marine  
  44  4:47  Liberator  
  47  4:53  Siege Tank  
  47  4:58  Orbital Command  
  50  5:00  Engineering Bay  
  50  5:06  Marine  
  52  5:10  Marine  
  52  5:13  Supply Depot  
  52  5:20  SCV  
  53  5:25  SCV  
  54  5:34  SCV  
  55  5:35  Missile Turret  
  55  5:37  SCV  
  56  5:43  Marine x2  
  56  5:46  SCV  
  56  5:48  Supply Depot  
  56  5:49  SCV  
  60  5:58  SCV  
  60  5:59  Supply Depot  
  60  6:01  SCV  
  62  6:10  Siege Tank  
  65  6:13  SCV  
  65  6:14  Barracks  
  65  6:15  SCV, Barracks  
  68  6:21  Starport Reactor  
  68  6:25  SCV, Missile Turret  
  68  6:27  SCV  
  68  6:28  Barracks Tech Lab  
  68  6:31  Supply Depot, Terran Infantry Weapons Level 1  
  69  6:37  SCV  
  69  6:39  SCV  
  71  6:47  Command Center  
  71  6:48  Marine  
  71  6:52  Stimpack  
  71  6:53  Siege Tank  
  75  6:54  SCV  
  76  7:03  SCV  
  76  7:06  SCV, Starport Reactor, Marine  
  76  7:07  Supply Depot  
  79  7:16  SCV  
  79  7:17  Refinery  
  79  7:18  SCV, Supply Depot, Refinery  
  79  7:19  Marine x2  
  79  7:20  Marine  
  84  7:27  Marine  
  84  7:28  SCV, Siege Tank  
  84  7:29  Marine  
  90  7:30  Supply Depot  
  90  7:35  SCV  
  91  7:37  Marine x2  
  91  7:42  Medivac  
  91  7:43  Medivac  
  97  7:45  SCV  
  97  7:46  Supply Depot, Marine  
  97  7:48  Marine  
  97  7:50  Marine  
  101  7:55  Marine  
  101  7:57  Marine  
  103  8:04  Marine  
  104  8:05  Marine  
  104  8:06  Siege Tank  
  104  8:08  Marine  
  109  8:13  Marine  
  109  8:14  SCV  
  109  8:15  SCV, Marine  
  110  8:26  SCV  
  111  8:27  SCV  
  111  8:28  Marine  
  111  8:30  Marine x2, Barracks  
  111  8:31  Barracks  
  111  8:32  Combat Shield  
  114  8:38  SCV  
  114  8:39  SCV  
  114  8:40  Orbital Command  
  116  8:42  Marine x2  
  116  8:46  Marine  
  116  8:48  Marine  
  120  8:50  SCV, Marine  
  120  8:54  SCV  
  123  9:00  Marine x2  
  123  9:02  SCV  
  120  9:04  Marine  
  120  9:05  SCV  
  120  9:06  Medivac, Marine  
  120  9:08  SCV, Marine  
  114  9:14  SCV  
  114  9:18  Marine  
Show
View Real Time Build Order
Export as new Build Order

goblin Protoss - Winner!

Build Orders: Phoenix Opening 

Get SALT Encoding   

  12  0:00  Probe  
  13  0:12  Probe  
  14  0:17  Pylon  
  14  0:24  Probe (Chrono Boost)  
  15  0:36  Probe (Chrono Boost)  
  15  0:37  Gateway  
  16  0:44  Probe (Chrono Boost)  
  16  0:46  Assimilator  
  17  0:51  Probe  
  17  0:56  Assimilator  
  18  1:03  Probe (Chrono Boost)  
  19  1:11  Pylon  
  19  1:15  Probe (Chrono Boost)  
  20  1:24  Probe (Chrono Boost), Cybernetics Core  
  21  1:29  Probe  
  22  1:41  Probe  
  23  1:56  Probe  
  24  2:05  Stargate  
  24  2:10  Nexus  
  24  2:15  Probe  
  25  2:17  Warp Gate  
  25  2:29  Pylon  
  26  2:33  Stalker  
  26  2:34  Probe  
  28  2:49  Phoenix (Chrono Boost)  
  30  2:56  Probe  
  31  3:02  Robotics Facility  
  31  3:05  Phoenix (Chrono Boost)  
  31  3:12  Shield Battery  
  33  3:22  Zealot  
  35  3:27  Phoenix (Chrono Boost)  
  37  3:37  Shield Battery  
  37  3:48  Phoenix  
  39  3:59  Assimilator  
  41  4:03  Immortal (Chrono Boost)  
  41  4:04  Shield Battery  
  43  4:24  Stalker  
  43  4:35  Immortal (Chrono Boost)  
  41  4:43  Probe x2  
  41  4:48  Phoenix  
  43  4:55  Probe (Chrono Boost)  
  45  5:01  Probe (Chrono Boost)  
  45  5:06  Probe (Chrono Boost)  
  46  5:10  Probe (Chrono Boost)  
  46  5:11  Probe (Chrono Boost)  
  52  5:21  Phoenix  
  54  5:42  Pylon  
  54  5:44  Probe (Chrono Boost), Pylon  
  54  5:45  Probe (Chrono Boost), Assimilator  
  54  5:46  Phoenix  
  54  5:58  Pylon  
  54  6:02  Probe (Chrono Boost)  
  56  6:05  Probe (Chrono Boost)  
  56  6:07  Probe (Chrono Boost)  
  57  6:12  Probe, Sentry, Stargate  
  57  6:16  Phoenix  
  57  6:17  Probe (Chrono Boost)  
  64  6:29  Probe (Chrono Boost)  
  64  6:30  Probe (Chrono Boost)  
  65  6:35  Probe (Chrono Boost)  
  65  6:38  Probe (Chrono Boost), Pylon  
  67  6:41  Protoss Air Weapons Level 1, Phoenix  
  67  6:45  Probe  
  70  6:49  Probe  
  71  6:54  Phoenix  
  71  6:57  Probe  
  71  7:01  Probe  
  75  7:07  Phoenix  
  77  7:09  Probe  
  77  7:13  Probe  
  79  7:19  Phoenix (Chrono Boost)  
  79  7:21  Probe  
  82  7:25  Probe  
  83  7:32  Phoenix (Chrono Boost), Nexus  
  83  7:43  Phoenix (Chrono Boost)  
  83  7:48  Pylon  
  85  7:57  Fleet Beacon  
  85  7:58  Pylon  
  85  8:05  Probe (Chrono Boost), Pylon  
  86  8:06  Phoenix  
  86  8:11  Observer  
  86  8:12  Stargate  
  90  8:13  Probe (Chrono Boost), Pylon  
  90  8:15  Probe (Chrono Boost)  
  91  8:21  Phoenix  
  93  8:31  Phoenix (Chrono Boost)  
  93  8:33  Observer  
  96  8:46  Phoenix (Chrono Boost)  
  98  8:51  Probe x3  
  98  8:53  Phoenix (Chrono Boost), Assimilator  
  103  8:55  Assimilator  
  95  9:03  Probe  
  95  9:04  Phoenix (Chrono Boost)  
  92  9:13  Probe x2, Phoenix (Chrono Boost)  
  96  9:18  Phoenix (Chrono Boost)  
Show
View Real Time Build Order
Export as new Build Order

LiquidMaNa Protoss 

Build Orders: Zealot Archon 

Get SALT Encoding   

  12  0:00  Probe  
  13  0:12  Probe  
  14  0:18  Pylon  
  14  0:25  Probe (Chrono Boost)  
  15  0:37  Probe (Chrono Boost)  
  15  0:40  Gateway  
  16  0:45  Probe (Chrono Boost)  
  17  0:51  Probe, Assimilator  
  18  0:59  Assimilator  
  18  1:03  Probe  
  19  1:10  Gateway  
  19  1:15  Probe  
  20  1:27  Probe  
  20  1:28  Cybernetics Core  
  21  1:39  Probe  
  22  1:51  Probe  
  22  1:53  Pylon  
  23  2:01  Warp Gate (Chrono Boost)  
  23  2:11  Stalker x2, Gateway  
  27  2:17  Pylon  
  27  2:41  Stalker x2  
  30  2:54  Probe  
  31  3:00  Stalker  
  33  3:19  Nexus  
  33  3:35  Stalker x2  
  33  3:38  Stalker  
  39  3:43  Pylon  
  39  4:01  Adept x2  
  39  4:02  Adept  
  45  4:07  Probe  
  46  4:19  Probe  
  35  4:31  Probe  
  34  4:44  Probe x2  
  32  4:46  Stalker x3  
  38  4:56  Probe (Chrono Boost), Twilight Council  
  40  5:00  Probe (Chrono Boost)  
  40  5:06  Probe (Chrono Boost)  
  41  5:08  Probe (Chrono Boost)  
  41  5:11  Probe (Chrono Boost)  
  41  5:13  Stalker  
  45  5:18  Probe  
  46  5:24  Stalker  
  46  5:25  Stalker  
  46  5:27  Probe  
  51  5:30  Probe  
  51  5:32  Charge (Chrono Boost)  
  52  5:39  Probe  
  52  5:41  Assimilator  
  53  5:43  Assimilator  
  53  5:44  Probe  
  54  5:51  Probe  
  54  5:52  Templar Archives  
  54  5:56  Probe  
  56  5:58  Sentry  
  56  6:02  Pylon  
  58  6:09  Pylon  
  58  6:10  Pylon  
  58  6:15  Phoenix  
  58  6:20  Probe x2  
  60  6:28  High Templar x2  
  60  6:31  Gateway  
  60  6:32  Probe x2 (Chrono Boost)  
  66  6:34  Gateway  
  66  6:39  Archon  
  66  6:43  Probe x2 (Chrono Boost)  
  66  6:45  Pylon  
  68  6:48  Probe x2 (Chrono Boost)  
  68  6:49  Pylon  
  70  6:54  Forge  
  70  6:58  Probe  
  70  7:01  High Templar x2  
  74  7:04  Probe  
  75  7:10  Probe, Archon  
  76  7:16  Probe  
  76  7:17  Psionic Storm  
  77  7:23  Probe  
  77  7:26  Nexus  
  77  7:29  Assimilator, High Templar  
  80  7:33  Assimilator  
  80  7:39  High Templar  
  80  7:44  Photon Cannon  
  82  7:49  Photon Cannon  
  82  7:50  Probe x2  
  84  7:53  Pylon  
  84  7:55  High Templar  
  84  7:56  Protoss Ground Weapons Level 1 (Chrono Boost)  
  86  8:04  Probe x2  
  86  8:15  High Templar  
  86  8:16  Probe  
  86  8:18  Zealot x2  
  93  8:22  Gateway x2  
  93  8:27  Zealot  
  95  8:39  Zealot x2  
  99  9:02  Probe  
  82  9:07  Archon  
  64  9:10  Probe  
  64  9:11  Probe, Zealot x4  
Show
View Real Time Build Order
Export as new Build Order

LiquidClem Terran 

Build Orders: 1/1/1, Cyclone Opening, Mech 

Get SALT Encoding   

  12  0:00  SCV  
  13  0:13  SCV  
  14  0:18  Supply Depot  
  14  0:25  SCV  
  15  0:30  Refinery  
  15  0:40  SCV  
  16  0:46  Barracks  
  16  0:52  SCV  
  17  0:59  Refinery  
  17  1:04  SCV  
  18  1:16  SCV  
  19  1:33  Barracks Reactor, Orbital Command  
  19  1:37  Factory  
  19  1:46  Supply Depot  
  19  2:00  SCV  
  20  2:09  Marine  
  20  2:10  Marine  
  20  2:12  SCV  
  23  2:20  Starport, Factory Tech Lab  
  23  2:26  SCV  
  23  2:27  Marine  
  23  2:28  Marine  
  26  2:38  Cyclone  
  26  2:42  Supply Depot  
  29  2:51  Marine  
  30  2:56  Marine  
  31  3:08  Supply Depot  
  31  3:10  Marine  
  31  3:11  Medivac  
  34  3:14  Marine  
  34  3:15  Siege Tank  
  38  3:21  SCV  
  39  3:29  Marine  
  39  3:31  Supply Depot  
  39  3:32  Marine  
  41  3:36  Supply Depot  
  41  3:39  SCV  
  42  3:45  Viking  
  44  3:55  Cyclone  
  47  3:57  Marine  
  47  4:01  Marine  
  49  4:08  SCV  
  50  4:15  Marine  
  51  4:19  Marine  
  51  4:21  SCV  
  51  4:23  Viking  
  51  4:32  Marine  
  51  4:35  Siege Tank  
  51  4:37  Marine  
  43  4:53  Command Center  
  43  4:56  Marine  
  43  4:57  Marine  
  45  5:02  SCV  
  46  5:07  Cyclone  
  46  5:10  Mag-Field Accelerator  
  49  5:15  SCV  
  50  5:23  Viking  
  50  5:28  Supply Depot  
  52  5:30  Marine  
  52  5:33  SCV  
  53  5:42  Cyclone  
  56  5:48  SCV  
  57  5:53  Factory  
  57  6:00  SCV  
  58  6:06  Orbital Command  
  58  6:12  SCV  
  58  6:17  Cyclone  
  62  6:24  SCV  
  63  6:32  Command Center  
  63  6:34  SCV  
  63  6:37  SCV  
  65  6:42  Factory Tech Lab  
  65  6:47  SCV  
  65  6:49  SCV, Cyclone  
  70  6:54  Factory  
  70  6:59  SCV  
  71  7:01  Starport Reactor  
  71  7:02  SCV  
  71  7:05  Engineering Bay  
  71  7:07  Supply Depot  
  72  7:11  SCV  
  72  7:14  SCV  
  72  7:15  Siege Tank  
  77  7:18  Refinery  
  77  7:19  Refinery  
  77  7:20  Supply Depot  
  77  7:23  SCV  
  77  7:26  SCV  
  79  7:36  SCV  
  73  7:38  Hellion  
  73  7:39  Hellion  
  73  7:40  SCV  
  78  7:45  Siege Tank  
  78  7:48  SCV, Orbital Command  
  82  7:52  SCV  
  82  7:53  Missile Turret  
  82  7:58  Missile Turret  
  83  8:00  SCV  
  83  8:02  Siege Tank  
  87  8:07  Supply Depot  
  87  8:09  SCV  
  88  8:13  Hellion  
  88  8:14  Hellion  
  92  8:20  Siege Tank  
  92  8:21  SCV  
  92  8:24  SCV  
  95  8:40  Missile Turret  
  96  8:41  Hellion  
  96  8:42  Orbital Command  
  96  8:50  Siege Tank  
  97  9:02  Hellion  
  89  9:03  SCV  
  89  9:05  Hellion  
Tags
 
Add a new tag
Caveats
  • Supply blocks, unpowered buildings, or Contaminate may cause inaccurate times.
  • Supply counts are checked every 10 seconds.